 Dungeon Crawl Stone Soup version 0.30-a0-629-gd54f4be4f7 (webtiles) character file.

Game seed: 14893787840386495233

192 acebull12 the Covered (level 5, -3/41 HPs)
             Began as a Demonspawn Fighter on Jan 12, 2023.
             Slain by Grinder (5 damage)
             ... on level 3 of the Dungeon.
             The game lasted 00:04:12 (2586 turns).

acebull12 the Covered (Demonspawn Fighter)          Turns: 2586, Time: 00:04:13

Health: -3/41      AC:  7    Str: 18    XL:     5   Next: 42%
Magic:  5/5        EV:  6    Int: 10    God:
Gold:   103        SH:  4    Dex: 12    Spells: 4/4 levels left

rFire   . . .      SeeInvis .    a - +0 long sword
rCold   + . .      Faith    .    c - +0 buckler
rNeg    . . .      Spirit   .    b - +0 scale mail
rPois   .          Reflect  .    (no helmet)
rElec   .          Harm     .    (no cloak)
rCorr   .          Rampage  .    (no gloves)
Will    .....                    (no boots) Stlth
                                 (no amulet)
HPRegen 0.26/turn                g - ring of protection from cold
MPRegen 0.18/turn                (no ring)

@: constricted
A: hooves 2, magic regeneration, weakness stinger 1
a: no special abilities


You were on level 3 of the Dungeon.
You visited 1 branch of the dungeon, and saw 3 of its levels.

You collected 103 gold pieces.

Inventory:

Hand Weapons
 a - a +0 long sword (weapon)
Missiles
 f - 6 javelins (quivered)
 j - 8 poisoned darts
Armour
 b - a +0 scale mail (worn)
 c - a +0 buckler (worn)
Jewellery
 g - a ring of protection from cold (left hand)
Wands
 r - a wand of polymorph (11)
Scrolls
 e - 2 scrolls of identify {unknown}
 i - 2 scrolls of teleportation {unknown}
 k - 2 scrolls of enchant weapon {unknown}
 l - a scroll of blinking {unknown}
 n - a scroll of vulnerability {unknown}
 o - a scroll of butterflies {unknown}
 s - a scroll of magic mapping {unknown}
Potions
 d - a potion of might
 h - a potion of brilliance {unknown}
 m - 2 potions of curing {unknown}
 p - a potion of lignification {unknown}
 q - a potion of heal wounds {unknown}
 t - a potion of degeneration {unknown}


   Skills:
 + Level 3.3 Fighting
 * Level 3.3 Long Blades
 * Level 3.7 Armour
 + Level 0.2 Dodging
 * Level 3.6 Shields


You had 4 spell levels left.
You didn't know any spells.
Your spell library contained the following spells:

 Spells                   Type           Power      Damage    Failure   Level
 Frozen Ramparts          Ice            0%         1d1       99%         3
 Ice Form                 Ice/Tmut       0%         N/A       100%        4
 Summon Ice Beast         Ice/Summ       0%         N/A       100%        4


Dungeon Overview and Level Annotations

Branches:
Dungeon (3/15)

Altars:
Ashenzari

Shops:
D:2 (

Annotations:
D:3 Grinder


Innate Abilities, Weirdness & Mutations

You have hoof-like feet.
You regenerate magic rapidly.
You have a small tail.


Message History

You can move again.
You escape the ball python's grasp.
Grinder gestures at you.
You shrug off the repeated paralysis!
The ball python attacks as you move away!
The ball python bites you.
* * * LOW HITPOINT WARNING * * *
The ball python barely misses you.
You hit Grinder. You kick Grinder.
Grinder is severely wounded.
The jackal barely misses you. The ball python barely misses you. x2
You block Grinder's attack. You block the jackal's attack.
You closely miss Grinder. You kick Grinder, but do no damage.
Grinder is severely wounded.
The ball python bites you but does no damage.
You block the ball python's attack. Grinder gestures at you.
You resist with significant effort.
The jackal bites you but does no damage.
The ball python closely misses you. The ball python grabs you.
The ball python constricts you.
You hit Grinder.
Grinder is severely wounded.
The jackal bites you but does no damage.
Grinder barely misses you. You block the ball python's attack.
The ball python constricts you.
The jackal bites you but does no damage.
Grinder hits you.
* * * LOW HITPOINT WARNING * * *
You writhe in agony.
* * * LOW HITPOINT WARNING * * *
You slash Grinder! You kick Grinder.
Grinder is almost dead.
The ball python bites you but does no damage.
The ball python constricts you.
* * * LOW HITPOINT WARNING * * *
The jackal bites you.
* * * LOW HITPOINT WARNING * * *
Grinder hits you.
You die...

#.#.##.###.#.#######
#.#..#.#........#
###.#..#.#.#.#.#..#
#......#.#.....#..####.#
#####..#.......#.......#
#####..###..<..#.#######
~88....#.........##
.....).#.#.#.##5..#
.......# #.#....@h##
~88....# . #+####Sh#
~~###.#### #h.## ≈~# #.#
#...######## ≈~###.#
#..>........ ≈~~##.#
#.####...... ≈≈~...# #.#
8.⌠.8 ≈≈~...# #.# ....
≈≈~...# #.# _.⌠


You could see Grinder, 3 jackals and a ball python.

Vanquished Creatures
  Natasha (thrice) (D:2)
  2 adders (D:2)
  3 gnolls (D:2)
  2 worms (D:3)
  2 dart slugs
  4 orcs (D:3)
  3 endoplasms
  A giant cockroach (D:1)
  8 goblins
  2 hobgoblins (D:1)
  5 jackals
  5 kobolds
  2 quokkas
  9 ball pythons
  3 bats
  3 frilled lizards
  4 rats (D:1)
61 creatures vanquished.

Notes
Turn   | Place    | Note
-------+----------+-------------------------------------------
     0 | D:1      | acebull12 the Demonspawn Fighter began the quest for the
                  | Orb.
     0 | D:1      | Reached XP level 1. HP: 18/18 MP: 1/1
   162 | D:1      | Discovered your monstrous ancestry.
   162 | D:1      | Gained mutation: You have large cloven feet. [demonic
                  | ancestry]
   162 | D:1      | Reached XP level 2. HP: 24/24 MP: 2/2
   554 | D:1      | Gained mutation: You have hoof-like feet. [demonic
                  | ancestry]
   554 | D:1      | Reached XP level 3. HP: 29/29 MP: 3/3
  1167 | D:2      | Noticed Natasha
  1179 | D:2      | Killed Natasha
  1180 | D:2      | Gained mutation: You have a small tail. [demonic ancestry]
  1180 | D:2      | Reached XP level 4. HP: 15/35 MP: 4/4
  1475 | D:2      | Found Getotto's Antique Weapon Shoppe.
  1570 | D:2      | Noticed Natasha
  1576 | D:2      | Killed Natasha
  1769 | D:2      | Gained mutation: You regenerate magic rapidly. [demonic
                  | ancestry]
  1769 | D:2      | Reached XP level 5. HP: 15/41 MP: 5/5
  2138 | D:2      | Noticed Natasha
  2151 | D:2      | Killed Natasha
  2420 | D:3      | Found a broken altar of Ashenzari.
  2565 | D:3      | Found a faded altar of an unknown god.
  2565 | D:3      | Noticed Grinder
  2577 | D:3      | Paralysed by Grinder for 4 turns
  2586 | D:3      | HP: 2/41 [jackal (1)]
  2586 | D:3      | Slain by Grinder

Illustrated notes

Levels and vault maps discovered:
D:1:      dpeg_arrival_short_road, layout_loops_ring
D:2:      layout_loops_corners, serial_shops, nicolae_shop_trees,
          nicolae_underground_beach, uniq_natasha
D:3:      wander_river, layout_basic, mainiacjoe_overflow_catwalk,
          general_overflow_altar, hellmonk_ecumenical_altar_dog_temple,
          uniq_grinder

Skill      XL: |  1  2  3  4 |
---------------+-------------+-----
Armour         | 3 |  3.7
Shields        | 3 |  3.6
Long Blades    | 2 3 |  3.3
Fighting       | |  3.3
Dodging        | |  0.2

Action                   |  1- 3 |  4- 6 || total
-------------------------+-------+-------++-------
Melee: Long sword        |    86 |    89 ||   175
       Kick              |     6 |    24 ||    30
       Tailslap          |       |     7 ||     7
Armor: Scale mail        |    36 |    35 ||    71
Dodge: Dodged            |    27 |    45 ||    72
Block: Buckler           |    14 |    27 ||    41

Table legend: (Time is in decaauts)
 A = Elapsed time spent in this place.
 B = Non-inter-level travel time spent in this place.
 C = Inter-level travel time spent in this place.
 D = Time resting spent in this place.
 E = Time spent auto-exploring this place.
 F = Levels seen in this place.
 G = Mean time per level.
                   A        B        C        D        E       F      G
               +--------+--------+--------+--------+--------+-----+--------+
         Total |   2659 |   2482 |    177 |    175 |   1750 |   3 |  886.3 |
       Dungeon |   2659 |   2482 |    177 |    175 |   1750 |   3 |  886.3 |
               +--------+--------+--------+--------+--------+-----+--------+

Top non-repeatable levels by time:
     D:2: 1407 daAuts
     D:1: 797 daAuts
     D:3: 453 daAuts
